 Dungeon Sprint DCSS version 0.20.1-1-g8b1a95d (webtiles) character file.

34596 KingStallion the Barachian Blade (level 13, -5/128 HPs)
             Began as a Barachi Berserker on Oct 22, 2017.
             Was a Priest of Trog.
             Slain by an entropy weaver (10 damage)
             ... in the Dungeon (Sprint IX: "|||||||||||||||||||||||||||||").
             The game lasted 00:20:48 (3834 turns).

KingStallion the Barachian Blade (BaBe)             Turns: 3834, Time: 00:20:48

Health: -5/128     AC:  6    Str: 22    XL:     13   Next: 78%
Magic:  7/7        EV: 15    Int:  8    God:    Trog [***...]
Gold:   1797       SH:  0    Dex: 13    Spells: 12/12 levels left

rFire    . . .     SeeInvis +   J - +10 triple sword "Qaupp" {antimagic, SInv}
rCold    . . .     Gourm    .   (shield currently unavailable)
rNeg     . . .     Faith    .   y - +4 plate armour {MR+}
rPois    .         Spirit   .   q - +0 helmet
rElec    .         Reflect  .   (no cloak)
rCorr    .         Harm     .   p - +0 pair of gloves
MR       +....     NoTele   +   (no boots)
Stlth    ..........             (no amulet)
Regen    0.4/turn               m - +2 ring of evasion
MPRegen  0.1/turn               n - +2 ring of evasion

@: corroded, can't hop, slow
A: +LOS, swims, slowness 1, strong legs 2
a: Hop, Berserk, Trog's Hand, Burn Spellbooks, Renounce Religion


You were in the Dungeon.
You worshipped Trog.
Trog was most pleased with you.
You were not hungry.

You visited 1 branch You collected 1917 gold pieces.
You spent 120 gold pieces at shops.

Inventory:

Hand Weapons
 a - a +2 great sword of holy wrath
 b - a +6 antimagic long sword
 c - the +5 triple sword of Extermination {flame, Dex+6}
   (Trog gifted it to you in the Dungeon)

   It has been specially enchanted to burn those struck by it, causing extra
   injury to most foes and up to half again as much damage against particularly
   susceptible opponents.
   Big, fiery blades are also staple armaments of hydra-hunters.
   It affects your dexterity (+6).
 G - a +4 antimagic triple sword
 I - a +6 great sword of holy wrath
 J - the +10 triple sword "Qaupp" (weapon) {antimagic, SInv}
   (Trog gifted it to you in the Dungeon)

   It reduces the magical energy of the wielder, and disrupts the spells and
   magical abilities of those hit.
   Natural abilities and divine invocations are not affected.
   It lets you see invisible.
Missiles
 x - 12 javelins
 C - 14 needles of sleeping
 H - a silver javelin (quivered)
Armour
 p - a +0 pair of gloves (worn)
 q - a +0 helmet (worn)
 y - a +4 plate armour of magic resistance (worn)
Jewellery
 m - a +2 ring of evasion (left hand)
 n - a +2 ring of evasion (right hand)
 D - an uncursed ring of protection from magic
 E - an uncursed ring of protection from cold
Wands
 l - a wand of lightning (1/15)
Scrolls
 i - 2 scrolls of blinking
 k - 3 scrolls of remove curse
 r - a scroll of fear
 s - 2 scrolls of identify
 t - 4 scrolls of enchant armour
 u - 3 scrolls of recharging
 F - 2 scrolls of enchant weapon
Potions
 d - 6 potions of curing
 e - 4 potions of heal wounds
 f - a potion of haste
 g - 4 potions of magic
 h - a potion of berserk rage
 j - a potion of invisibility
 o - 2 potions of might
 v - a potion of flight
 w - 3 potions of lignification
Comestibles
 z - 38 fruits
 A - 8 bread rations
 B - 12 meat rations
 K - 2 chunks of flesh


   Skills:
 * Level 20.5 Fighting
 * Level 23.2 Long Blades
 + Level 2.1 Throwing
 * Level 18.5 Armour
 + Level 7.1 Dodging
 + Level 1.2 Stealth
 * Level 13.2 Unarmed Combat
 + Level 11.1 Evocations


You had 12 spell levels left.
You didn't know any spells.

Dungeon Overview and Level Annotations

Branches:
Dungeon (1/1)

Altars:
Cheibriados
Dithmenos
Elyvilon
Fedhas
Gozag
Hepliaklqana
Kikubaaqudgha
Makhleb
Nemelex Xobeh
Okawaru
Qazlal
Ru
Sif Muna
Trog
Uskayaw
Vehumet
Xom
Yredelemnul
Zin
The Shining One
Beogh
Jiyva
Lugonu

Shops:
D ((%!


Innate Abilities, Weirdness & Mutations

Shadows flee at your approach. (+LOS)
You can swim through water.
You cover ground slowly.
You can hop longer distances.


Message History

Aim: an entropy weaver (heavily wounded)
You throw a silver javelin.
The silver javelin hits the entropy weaver but does no damage.
The entropy weaver is heavily wounded.
The entropy weaver closely misses you.
You riposte.
Your plate armour prevents you from hitting the entropy weaver.
The entropy weaver is heavily wounded.
The entropy weaver hits you.
* * * LOW HITPOINT WARNING * * *
The entropy weaver hits you!
* * * LOW HITPOINT WARNING * * *
The entropy weaver closely misses you.
You hit the entropy weaver but do no damage.
The entropy weaver is heavily wounded.
The ironheart preserver casts a spell.
The ironheart preserver begins to accept its allies' injuries.
The entropy weaver hits you!
* * * LOW HITPOINT WARNING * * *
The entropy weaver hits you!
You die...

▓[▓.▓'▓.▓)▓.▓)▓.▓.
▓)▓.▓.▓.▓)▓)▓)▓.▓.
▓[▓.▓.▓.▓)▓.▓)▓.▓.
▓[▓.▓.▓.▓)▓.▓.▓.▓.
▓.▓.▓.▓.▓)▓.▓.▓)▓.
▓)▓.▓.▓.▓)▓.▓.▓.▓÷
▓.▓.▓.▓.▓)▓.▓.▓.▓†
▓.▓.▓.▓.▓)▓.▓.▓.▓.
▓@▓.▓.▓.▓.▓.▓.▓.▓†
▓a▓.▓)▓.▓[▓.▓.▓.▓†
▓s▓.♣)♣.▓[▓.▓.▓.▓.
▓(▓.♣.♣.▓[▓.▓.▓.▓.
▓p▓.♣.♣.▓[▓.▓)▓.▓.
▓G▓.♣.♣.▓[▓.▓)▓.▓.
▓.▓.♣.♣.▓[▓.▓.▓.▓.
▓p▓.♣.♣.▓[▓.▓)▓.▓.
▓y▓.♣.♣.▓(▓.▓)▓.▓'


You could see 2 ironheart preservers, an entropy weaver, a great orb of eyes, a
wolf spider and a hornet.

Vanquished Creatures
  A ghost moth (D)
  A stone giant (D)
  A very ugly thing (D)
  An entropy weaver (D)
  An ettin (D)
  2 fire dragons (D)
  Josephine (D)
  A yaktaur captain (D)
  2 ice dragons (D)
  Harold (D)
  A spriggan air mage (D)
  2 hydras (D)
  A tengu warrior (D)
  Urug (D)
  A sea snake (D)
  An unseen horror (D)
  A spriggan druid (D)
  A moth of wrath (D)
  2 manticores (D)
  An ugly thing (D)
  2 spiny frogs (D)
  A demonic crawler (D)
  3 jumping spiders (D)
  A merfolk (D)
  A wind drake (D)
  A troll (D)
  A polar bear (D)
  A tyrant leech (D)
  3 bog bodies (D)
  2 slime creatures (D)
  2 wyverns (D)
  A tarantella (D)
  A redback (D)
  A wraith (D)
  A yak (D)
  A vampire mosquito (D)
  A water moccasin (D)
  An ice beast (D)
  A swamp drake (D)
  An ogre (D)
  4 bullfrogs (D)
  3 orc priests (D)
  2 shadow imps (D)
  An adder zombie (D)
  A leopard gecko (D)
  A bat (D)
  A bat zombie (D)
  2 goblins (D)
  2 hobgoblins (D)
  A giant cockroach zombie (D)
  A jackal zombie (D)
70 creatures vanquished.

Vanquished Creatures (collateral kills)
  A stone giant (D)
  An ettin (D)
  A merfolk impaler (D)
  2 fire dragons (D)
  A great orb of eyes (D)
  Erica (D)
  An ice dragon (D)
  A naga warrior (D)
  A centaur warrior (D)
  A tengu warrior (D)
  A vampire mage (D)
  A deep troll earth mage (D)
  A naga sharpshooter (D)
  9 orc high priests (D)
  A shock serpent (D)
  An unseen horror (D)
  3 orc knights (D)
  A lindwurm (D)
  3 necromancers (D)
  A mana viper (D)
  An orb spider (D)
  An orc sorcerer (D)
  A cyclops (D)
  A manticore (D)
  A naga mage (D)
  4 black mambas (D)
  2 spiny frogs (D)
  A water nymph (D)
  A komodo dragon (D)
  4 tyrant leeches (D)
  A wind drake (D)
  2 slime creatures (D)
  A slime creature (shapeshifter) (D)
  A blink frog (D)
  A snapping turtle (D)
  2 hippogriffs (D)
  A wyvern (D)
  A tarantella (D)
  4 wraiths (D)
  A yak (D)
  A basilisk (D)
  A hungry ghost (D)
  A naga (D)
  A porcupine (D)
  8 orc warriors (D)
  A centaur (D)
  5 orc wizards (D)
  6 orc priests (D)
  An adder (D)
  A shadow imp (D)
  An adder zombie (D)
  3 worms (D)
  4 orcs (D)
99 creatures vanquished.

Grand Total: 169 creatures vanquished

Notes
Turn   | Place    | Note
-------+----------+-------------------------------------------
     0 | D        | KingStallion the Barachi Berserker began the quest for the Orb.
     0 | D        | Reached XP level 1. HP: 18/18 MP: 1/1
     7 | D        | Reached skill level 4 in Long Blades
    15 | D        | Reached ** piety under Trog
    24 | D        | Noticed an ogre
    40 | D        | Reached XP level 2. HP: 18/26 MP: 2/2
    46 | D        | Reached skill level 5 in Long Blades
    48 | D        | Reached *** piety under Trog
    54 | D        | Killed an ogre
    54 | D        | Reached skill level 8 in Long Blades
    54 | D        | Reached XP level 3. HP: 13/36 MP: 3/3
    54 | D        | Reached XP level 4. HP: 16/43 MP: 4/4
    99 | D        | Found a roughly hewn altar of Beogh.
    99 | D        | Found a snail-covered altar of Cheibriados.
    99 | D        | Found a shadowy altar of Dithmenos.
    99 | D        | Found a white marble altar of Elyvilon.
    99 | D        | Found a blossoming altar of Fedhas.
    99 | D        | Found an opulent altar of Gozag.
    99 | D        | Found a hazy altar of Hepliaklqana.
   100 | D        | Found a viscous altar of Jiyva.
   101 | D        | Found an ancient bone altar of Kikubaaqudgha.
   102 | D        | Found a corrupted altar of Lugonu.
   103 | D        | Found a burning altar of Makhleb.
   104 | D        | Found a sparkling altar of Nemelex Xobeh.
   105 | D        | Found an iron altar of Okawaru.
   106 | D        | Found a stormy altar of Qazlal.
   107 | D        | Found a sacrificial altar of Ru.
   108 | D        | Found a deep blue altar of Sif Muna.
   109 | D        | Found a bloodstained altar of Trog.
   110 | D        | Found a hide-covered altar of Uskayaw.
   111 | D        | Found a radiant altar of Vehumet.
   113 | D        | Found a shimmering altar of Xom.
   114 | D        | Found a basalt altar of Yredelemnul.
   115 | D        | Found a glowing silver altar of Zin.
   116 | D        | Found a glowing golden altar of the Shining One.
   141 | D        | Noticed a yak
   141 | D        | Noticed an orc warrior
   141 | D        | Noticed an ice beast
   145 | D        | Killed an ice beast
   145 | D        | Reached skill level 9 in Long Blades
   145 | D        | Reached XP level 5. HP: 40/51 MP: 5/5
   145 | D        | Reached **** piety under Trog
   145 | D        | Reached skill level 10 in Long Blades
   151 | D        | Killed a yak
   151 | D        | Reached XP level 6. HP: 38/58 MP: 6/6
   158 | D        | Killed an orc warrior
   158 | D        | Reached skill level 11 in Long Blades
   158 | D        | Reached skill level 5 in Armour
   158 | D        | Reached skill level 5 in Dodging
   215 | D        | Noticed a troll
   215 | D        | Noticed a wyvern
   215 | D        | Noticed a manticore
   226 | D        | Reached skill level 10 in Fighting
   234 | D        | Reached XP level 7. HP: 55/66 MP: 7/7
   252 | D        | Killed a troll
   252 | D        | Reached skill level 12 in Long Blades
   260 | D        | Killed a wyvern
   260 | D        | Reached skill level 13 in Long Blades
   260 | D        | Reached skill level 5 in Unarmed Combat
   269 | D        | Killed a manticore
   269 | D        | Reached XP level 8. HP: 18/76 MP: 8/8
   504 | D        | Noticed a black mamba
   504 | D        | Noticed a hippogriff
   504 | D        | Noticed a spiny frog
   504 | D        | Noticed a six-headed hydra
   504 | D        | Noticed a yak
   506 | D        | Noticed a spiny frog
   508 | D        | Reached skill level 14 in Long Blades
   508 | D        | Reached skill level 1 in Evocations
   517 | D        | Killed a black mamba
   518 | D        | Killed a hippogriff
   522 | D        | Killed a six-headed hydra
   522 | D        | Reached skill level 15 in Long Blades
   522 | D        | Reached skill level 1 in Stealth
   522 | D        | Reached XP level 9. HP: 51/85 MP: 8/11
   522 | D        | Killed a spiny frog
   534 | D        | Killed a spiny frog
   537 | D        | Reached ***** piety under Trog
   540 | D        | Reached skill level 16 in Long Blades
   561 | D        | Noticed a polar bear
   561 | D        | Noticed a spiny frog
   561 | D        | Noticed a spiny frog
   561 | D        | Noticed a komodo dragon
   566 | D        | Reached skill level 10 in Armour
   580 | D        | Killed a polar bear
   580 | D        | Reached XP level 10. HP: 51/94 MP: 13/13
   584 | D        | Killed a spiny frog
   584 | D        | Reached skill level 5 in Evocations
   585 | D        | Killed a spiny frog
   629 | D        | Noticed a lindwurm
   632 | D        | Killed a lindwurm
   632 | D        | Reached skill level 15 in Fighting
   632 | D        | Reached skill level 17 in Long Blades
   782 | D        | Noticed Erica
   796 | D        | Killed Erica
   950 | D        | Noticed an orc knight
   954 | D        | Received a gift from Trog
   964 | D        | Killed an orc knight
   978 | D        | Received a gift from Trog
  1028 | D        | Noticed an orc knight
  1028 | D        | Noticed an orc knight
  1028 | D        | Noticed an orc sorcerer
  1031 | D        | Killed an orc knight
  1034 | D        | Killed an orc knight
  1037 | D        | Killed an orc sorcerer
  1043 | D        | Reached XP level 11. HP: 99/104 MP: 14/16
  1048 | D        | Noticed an orc high priest
  1049 | D        | Killed an orc high priest
  1051 | D        | Reached ****** piety under Trog
  1152 | D        | Found Bopser's Antique Weapon Emporium.
  1152 | D        | Noticed an orc high priest
  1152 | D        | Noticed an orc high priest
  1152 | D        | Noticed an orc high priest
  1152 | D        | Noticed an orc high priest
  1152 | D        | Noticed an orc high priest
  1154 | D        | Noticed a soul eater
  1156 | D        | Noticed a sun demon
  1157 | D        | Killed an orc high priest
  1158 | D        | Noticed a sixfirhy
  1159 | D        | Killed an orc high priest
  1165 | D        | Killed an orc high priest
  1165 | D        | Received a gift from Trog
  1165 | D        | Reached skill level 18 in Long Blades
  1172 | D        | Killed an orc high priest
  1173 | D        | Noticed an orc high priest
  1176 | D        | Killed an orc high priest
  1178 | D        | Killed an orc high priest
  1185 | D        | Found Qimnaem's Antique Weapon Shoppe.
  1190 | D        | Found Serhigh's Food Emporium.
  1196 | D        | Found Tiwofe's Distillery.
  1208 | D        | Noticed an orc high priest
  1210 | D        | Noticed an orc high priest
  1211 | D        | Noticed a sun demon
  1223 | D        | Received a gift from Trog
  1228 | D        | Killed an orc high priest
  1228 | D        | Reached skill level 10 in Unarmed Combat
  1232 | D        | Killed an orc high priest
  1257 | D        | Bought a potion of heal wounds for 60 gold pieces
  1257 | D        | Bought a potion of heal wounds for 60 gold pieces
  1561 | D        | Noticed Josephine
  1582 | D        | Killed Josephine
  1586 | D        | Received a gift from Trog
  1593 | D        | Got an ichor-stained triple sword {god gift}
  1594 | D        | Identified the +5 triple sword of Extermination {flame, Dex+6} (Trog gifted it to you in the Dungeon)
  1621 | D        | Noticed Harold
  1644 | D        | Killed Harold
  2014 | D        | Noticed an ettin
  2021 | D        | Noticed a cyclops
  2026 | D        | Noticed a great orb of eyes
  2041 | D        | Killed an ettin
  2041 | D        | Reached skill level 15 in Armour
  2043 | D        | Killed a cyclops
  2046 | D        | Noticed a stone giant
  2056 | D        | Paralysed by a great orb of eyes for 6 turns
  2064 | D        | Killed a great orb of eyes
  2071 | D        | Killed a stone giant
  2071 | D        | Reached XP level 12. HP: 94/116 MP: 18/18
  2083 | D        | Noticed an ice dragon
  2084 | D        | Noticed a green very ugly thing
  2086 | D        | Noticed a fire dragon
  2098 | D        | Killed a green very ugly thing
  2105 | D        | Killed an ice dragon
  2105 | D        | Reached skill level 19 in Long Blades
  2122 | D        | Killed a fire dragon
  2510 | D        | Noticed an entropy weaver
  2527 | D        | Killed an entropy weaver
  2849 | D        | Noticed a four-headed hydra
  2853 | D        | Received a gift from Trog
  2863 | D        | Reached skill level 20 in Long Blades
  2871 | D        | Killed a one-headed hydra
  2881 | D        | Received a gift from Trog
  2948 | D        | Noticed a merfolk impaler
  2972 | D        | Received a gift from Trog
  2972 | D        | Reached skill level 10 in Evocations
  2989 | D        | Killed a merfolk impaler
  2989 | D        | Received a gift from Trog
  2989 | D        | Gained mutation: You can hop longer distances. [Barachi growth]
  2989 | D        | Reached XP level 13. HP: 57/125 MP: 20/20
  3017 | D        | Reached skill level 21 in Long Blades
  3025 | D        | Received a gift from Trog
  3147 | D        | Killed a ghost moth
  3328 | D        | Noticed Urug
  3338 | D        | Killed Urug
  3393 | D        | Noticed a stone giant
  3393 | D        | Noticed a fire dragon
  3397 | D        | Killed a stone giant
  3403 | D        | Killed a fire dragon
  3414 | D        | Reached skill level 1 in Throwing
  3415 | D        | Noticed a fire dragon
  3420 | D        | Received a gift from Trog
  3422 | D        | Noticed a fire dragon
  3425 | D        | Killed a fire dragon
  3425 | D        | Reached skill level 22 in Long Blades
  3427 | D        | Noticed an ettin
  3430 | D        | Noticed an ice dragon
  3433 | D        | Killed a fire dragon
  3434 | D        | Noticed a yaktaur captain
  3437 | D        | Killed an ettin
  3438 | D        | Noticed an ice dragon
  3449 | D        | Killed an ice dragon
  3453 | D        | Killed a yaktaur captain
  3464 | D        | Killed an ice dragon
  3464 | D        | Received a gift from Trog
  3474 | D        | Got a jewelled triple sword {god gift}
  3475 | D        | Identified the +10 triple sword "Qaupp" {antimagic, SInv} (Trog gifted it to you in the Dungeon)
  3510 | D        | Received a gift from Trog
  3786 | D        | Reached skill level 23 in Long Blades
  3799 | D        | Noticed an entropy weaver
  3804 | D        | Noticed an ironheart preserver
  3809 | D        | Noticed a great orb of eyes
  3814 | D        | Noticed an ironheart preserver
  3834 | D        | HP: 5/128 [entropy weaver (10)]
  3834 | D        | Slain by an entropy weaver

Skill      XL: |  1  2  3  4  5  6  7  8  9 10 11 12 13 |
---------------+----------------------------------------+-----
Long Blades    | 4 8 9 10 11 13 15 16 17 18 20 23 | 23.2
Fighting       | 4 7 8 9 10 11 13 14 15 17 19 20 | 20.5
Armour         | 3 4 5 7 8 10 12 15 17 18 | 18.5
Dodging        | 4 5 6 7 |  7.1
Unarmed Combat | 2 4 5 6 7 9 10 12 13 | 13.2
Evocations     | 3 4 6 8 10 11 | 11.1
Stealth        | 1 |  1.2
Throwing       | 2 |  2.1

Action                   |  1- 3 |  4- 6 |  7- 9 | 10-12 | 13-15 || total
-------------------------+-------+-------+-------+-------+-------++-------
Melee: Falchion          |    31 |    14 |    51 |    10 |       ||   106
       Long sword        |       |       |       |    36 |       ||    36
       Triple sword      |       |       |       |   104 |    44 ||   148
       Punch             |       |       |       |     3 |       ||     3
Throw: Javelin           |       |       |       |     2 |    12 ||    14
Invok: Trog's Hand       |     2 |     2 |     3 |    12 |     5 ||    24
       Berserk           |     1 |       |     2 |       |     1 ||     4
       Brothers in Arms  |       |     2 |     2 |    22 |    12 ||    38
 Abil: Hop               |       |       |       |       |     1 ||     1
Evoke: Wand              |       |     2 |    10 |       |     1 ||    13
  Use: Potion            |       |       |     1 |     2 |     2 ||     5
       Scroll            |       |       |     1 |       |       ||     1
  Eat: Bread ration      |       |       |     1 |     3 |     1 ||     5
       Chunk             |       |       |     1 |    10 |     3 ||    14
       Fruit             |       |       |       |     2 |       ||     2
Armor: Animal skin       |     5 |       |       |       |       ||     5
       Plate armour      |       |     9 |    50 |   107 |    47 ||   213
Dodge: Dodged            |    22 |     9 |    62 |   116 |    47 ||   256
       Rpst.: Falchion   |     6 |     2 |     8 |       |       ||    16
       Long sword        |       |       |       |     7 |       ||     7
       Triple sword      |       |       |       |    13 |     5 ||    18
